 Dungeon Crawl Stone Soup version 0.27-a0-1611-gff50d6e (webtiles) character file.

Game seed: 15413606886663477541

91 Illumine the Magician (level 4, -5/30 HPs)
             Began as a Human Hedge Wizard on July 21, 2021.
             Slain by a killer bee (8 damage)
             ... on level 4 of the Dungeon.
             The game lasted 00:05:21 (3679 turns).

Illumine the Magician (Human Hedge Wizard)          Turns: 3679, Time: 00:05:22

Health: -5/30      AC:  3    Str: 11    XL:     4   Next: 87%
Magic:  5/9        EV: 12    Int: 21    God:
Gold:   240        SH:  0    Dex: 12    Spells: 1/9 levels left

rFire    + . .     SeeInvis .   a - +0 dagger
rCold    . . .     Faith    .   (no shield)
rNeg     . . .     Spirit   .   p - +1 robe {rF+}
rPois    .         Reflect  .   c - +0 hat
rElec    .         Harm     .   (no cloak)
rCorr    .         Rampage  .   (no gloves)
Will     .....                  (no boots)
Stlth    ++........             (no amulet)
HPRegen  0.10/turn              m - +6 ring of intelligence
MPRegen  0.11/turn              (no ring)

@: lethally poisoned (-5 -> -9)
A: no striking features
a: no special abilities


You were on level 4 of the Dungeon.
You visited 1 branch of the dungeon, and saw 4 of its levels.

You collected 240 gold pieces.

Inventory:

Hand Weapons
 a - a +0 dagger (weapon)
Missiles
 e - 6 curare-tipped darts
 t - 3 throwing nets
 w - 3 boomerangs of dispersal
Armour
 b - a +0 robe
 c - a +0 hat (worn)
 p - a +1 robe of fire resistance (worn)
Jewellery
 m - a +6 ring of intelligence (left hand)
 s - a ring of flight
Scrolls
 d - 2 scrolls of identify {unknown}
 f - 3 scrolls of amnesia {unknown}
 i - a scroll of fog {unknown}
 k - 2 scrolls of summoning {unknown}
 l - 2 scrolls of enchant weapon {unknown}
 n - a scroll of holy word {unknown}
 o - 2 scrolls of teleportation {unknown}
 r - a scroll of immolation {unknown}
 v - a scroll of enchant armour {unknown}
Potions
 g - a potion of curing {unknown}
 h - 2 potions of mutation {unknown}
 j - a potion of might {unknown}
 q - a potion of ambrosia {unknown}
 u - a potion of attraction {unknown}


   Skills:
 + Level 2.3 Dodging
 - Level 2.0 Stealth
 + Level 3.4 Spellcasting
 + Level 2.0 Conjurations
 + Level 2.2 Summonings
 + Level 2.0 Translocations
 + Level 0.3 Air Magic
 + Level 0.2 Poison Magic


You had one spell level left.
You knew the following spells:

 Your Spells              Type           Power      Damage    Failure   Level
a - Magic Dart            Conj           48%        1d5       5%          1
b - Call Imp              Summ           13%        N/A       8%          2
c - Blink                 Tloc           N/A        N/A       9%          2
d - Mephitic Cloud        Conj/Pois/Air  7%         N/A       26%         3

Your spell library contained the following spells:

 Spells                   Type           Power      Damage    Failure   Level
 Slow                     Hex            3%         N/A       19%         2
 Conjure Flame            Conj/Fire      7%         6-21      26%         3


Dungeon Overview and Level Annotations

Branches:
Dungeon (4/15)
 Temple: D:4-7

Altars:
Xom
Zin


Message History

The killer bee barely misses you.
Your shadow imp completely misses the killer bee.
You hit the killer bee.
The killer bee is lightly wounded.
The killer bee stings you. The killer bee stings you!
Your shadow imp hits the killer bee.
You miss the killer bee.
The killer bee is lightly wounded.
The killer bee closely misses you.
The killer bee stings you but does no damage.
Your shadow imp hits the killer bee.
You barely miss the killer bee.
The killer bee is moderately wounded.
The killer bee stings you. The killer bee misses you.
Your shadow imp gestures at the killer bee.
The killer bee writhes in agony.
You miss the killer bee.
The killer bee is moderately wounded.
The killer bee closely misses you. The killer bee stings you.
* * * LOW HITPOINT WARNING * * *
Your shadow imp gestures at the killer bee.
The killer bee barely resists.
Your crimson imp closely misses the killer bee.
Casting: Call Imp (safe; 8% risk of failure)
Confirm with . or Enter, or press ? or * to list all spells.
Aiming: Magic Dart (safe; 5% risk of failure)
Press: ? - help, Shift-Dir - straight line, f - killer bee
Aim: a killer bee (moderately wounded, ally target, 100% to hit)
The magic dart hits the killer bee but does no damage.
The killer bee is moderately wounded.
The killer bee stings you.
* * * LOW HITPOINT WARNING * * *
You are lethally poisoned!
The killer bee poisons you! The killer bee closely misses you.
Your shadow imp hits the killer bee.
Your crimson imp closely misses the killer bee.
Unknown command.
* * * LOW HITPOINT WARNING * * *
You feel sick. The killer bee stings you!
You die...

#...# #.# ### #..####.#
#...)... ##....##.#
#.......
##........##.......
##.#.......#......# ..
#.###.........#...## ...
..####......###....##...
...###..................
....#...........@.......
....#...........y......#
........................
....†...........55.#....
....#..............# ...
...#...##..........# ..
......####........$.. .
.....# ##...........
##............


You could see a killer bee (ally target), a friendly crimson imp (summoned) and
a friendly shadow imp (summoned).

Vanquished Creatures
  A gnoll (D:1)
  2 adders
  An orc (D:3)
  4 bats
  9 endoplasms
  2 giant cockroaches (D:2)
  2 goblins (D:1)
  2 hobgoblins
  A jackal (D:1)
  2 kobolds
  4 quokkas
  3 frilled lizards
  4 rats
37 creatures vanquished.

Vanquished Creatures (collateral kills)
  3 gnolls (D:3)
  A dart slug (D:2)
  An orc (D:3)
  3 ball pythons (D:2)
  An endoplasm (D:3)
  A giant cockroach (D:1)
  A hobgoblin (D:2)
  5 jackals (D:2)
  A frilled lizard (D:2)
  A goblin (D:3)
18 creatures vanquished.

Vanquished Creatures (others)
  5 toadstools (D:1)
5 creatures vanquished.

Grand Total: 60 creatures vanquished

Notes
Turn   | Place    | Note
-------+----------+-------------------------------------------
     0 | D:1      | Illumine the Human Hedge Wizard began the quest for the
                  | Orb.
     0 | D:1      | Reached XP level 1. HP: 13/13 MP: 4/4
   234 | D:1      | Reached XP level 2. HP: 19/19 MP: 3/6
   285 | D:1      | Learned a level 2 spell: Call Imp
   825 | D:1      | Reached XP level 3. HP: 20/24 MP: 1/7
   888 | D:1      | Learned a level 2 spell: Blink
  1199 | D:2      | HP: 1/24 [jackal (2)]
  2214 | D:2      | Reached XP level 4. HP: 20/30 MP: 4/8
  2586 | D:3      | Found a shimmering altar of Xom.
  2884 | D:3      | Found a glowing silver altar of Zin.
  2985 | D:3      | Found a faded altar of an unknown god.
  3132 | D:3      | Learned a level 3 spell: Mephitic Cloud
  3679 | D:4      | Slain by a killer bee

Illustrated notes

Levels and vault maps discovered:
D:1:      amcnicky_arrival_abandoned_market, layout_basic, dk_noncrumbling_3,
          minmay_gold_behind_fungi
D:2:      layout_rooms, st_stairs_5, minmay_pentomino_z2
D:3:      layout_basic, mainiacjoe_overflow_alcove_1,
          mainiacjoe_overflow_chevrons, basic_ecumenical_altar, minmay_puff
D:4:      minmay_door_path, layout_layer_cave, mainiacjoe_overflow_paths,
          temple_green, serial_shops, shop_statue

Skill      XL: |  1  2  3  4 |
---------------+-------------+-----
Summonings     | 2 |  2.2
Conjurations   | 2 |  2.0
Translocations | 2 |  2.0
Dodging        | |  2.3
Stealth        | |  2.0
Spellcasting   | |  3.4
Air Magic      | |  0.3
Poison Magic   | |  0.2

Action                   |  1- 3 |  4- 6 || total
-------------------------+-------+-------++-------
Melee: Dagger            |    48 |    30 ||    78
 Cast: Magic Dart        |    56 |    32 ||    88
       Call Imp          |    11 |     9 ||    20
Armor: Robe              |    10 |     8 ||    18
Dodge: Dodged            |    64 |    25 ||    89

Table legend: (Time is in decaauts)
 A = Elapsed time spent in this place.
 B = Non-inter-level travel time spent in this place.
 C = Inter-level travel time spent in this place.
 D = Time resting spent in this place.
 E = Time spent auto-exploring this place.
 F = Levels seen in this place.
 G = Mean time per level.
                   A        B        C        D        E       F      G
               +--------+--------+--------+--------+--------+-----+--------+
         Total |   3677 |   3591 |     86 |   1061 |   2015 |   4 |  919.2 |
       Dungeon |   3677 |   3591 |     86 |   1061 |   2015 |   4 |  919.2 |
               +--------+--------+--------+--------+--------+-----+--------+

Top non-repeatable levels by time:
     D:2: 1288 daAuts
     D:1: 1196 daAuts
     D:3: 1119 daAuts
     D:4: 73 daAuts
